 Dungeon Crawl Stone Soup version 0.25-a0-283-ge7e91ba8d0 (webtiles) character file.

Game seed: 15728368248945883888, levelgen mode: deterministic

169 Faustar the Spear-Bearer (level 5, 0/41 HPs)
             Began as a Merfolk Gladiator on Dec 11, 2019.
             Succumbed to a gnoll's poison
             ... on level 1 of the Dungeon.
             The game lasted 00:06:24 (2871 turns).

Faustar the Spear-Bearer (Merfolk Gladiator)        Turns: 2871, Time: 00:06:25

Health: 0/41       AC:  5    Str: 16    XL:     5   Next: 50%
Magic:  5/5        EV: 14    Int:  7    God:
Gold:   74         SH:  0    Dex: 15    Spells: 4/4 levels left

rFire    . . .     SeeInvis .   a - +1 trident
rCold    . . .     Gourm    .   (no shield)
rNeg     . . .     Faith    .   b - +1 leather armour
rPois    .         Spirit   .   c - +0 helmet
rElec    .         Reflect  .   (no cloak)
rCorr    .         Harm     .   (no gloves)
MR       .....                  (no boots)
Stlth    +.........             j - amulet of rage
HPRegen  0.13/turn              (no ring)
MPRegen  0.09/turn              (no ring)

@: lethally poisoned (0 -> -6), berserk cooldown, slowed, very slow
A: change form in water, swift swim, stealthy swim
a: Evoke Berserk Rage


You were on level 1 of the Dungeon.
You were hungry.

You visited 1 branch of the dungeon, and saw 2 of its levels.

You collected 74 gold pieces.

Inventory:

Hand Weapons
 a - a +1 trident (weapon)
Missiles
 d - 3 throwing nets (quivered)
Armour
 b - a +1 leather armour (worn)
 c - a +0 helmet (worn)
Jewellery
 j - an amulet of rage (around neck)
Scrolls
 e - a scroll of magic mapping
 k - a scroll of identify
Potions
 i - a potion of cancellation
Comestibles
 f - 5 rations


   Skills:
 + Level 3.3 Fighting
 - Level 8.0 Polearms
 - Level 2.0 Throwing
 - Level 4.0 Dodging


You had 4 spell levels left.
You didn't know any spells.
Your spell library was empty.

Dungeon Overview and Level Annotations

Branches:
Dungeon (2/15)

Altars:


Message History

You feel sick.
As you read the scroll labeled ZUD XENWIMOLICW, it crumbles to dust.
You feel blessed for a moment.
It was a scroll of remove curse.
* * * LOW HITPOINT WARNING * * *
You feel sick.
As you read the scroll labeled SAX KAUDEOTH, it crumbles to dust.
The scroll dissolves into smoke.
It was a scroll of fog.
* * * LOW HITPOINT WARNING * * *
You feel sick.
As you read the scroll labeled JEGAME YTUDU, it crumbles to dust.
It is a scroll of enchant weapon.
Your +0 trident glows red for a moment.
* * * LOW HITPOINT WARNING * * *
You feel sick.
As you read the scroll labeled GAUVVIY JAEN LEPU, it crumbles to dust.
You feel momentarily disoriented.
It was a scroll of magic mapping.
As you read the scroll labeled QOCAUMPEEKIY, it crumbles to dust.
The air around you briefly surges with heat, but it dissipates.
It was a scroll of immolation.
You die...

#.# #.#.#.......#.##
#.# #.#.#.#####.#...
## #.####.#.#.###
#.#### .#
#.##...#.#...# #.#..#
)#
#.##.###.###.###.#..#
.# ########
#[##'#........†..#†.#
.# #......#
#.#.§§§#.###.###.#..#
.# #......#
#.'§§§§........#....#
.###..>...#
###§@§§#...#)#.###..#
..........#
###§§....#.#......#
..........#
#.§....#.########
..........#
#......#.........
.....######
#......##########
.....#
##...............
#....####
#.##############
'.......# #.#
#....##.# #.#


There were no monsters in sight!

Vanquished Creatures
  An orc wizard (D:2)
  2 gnolls
  6 adders (D:2)
  2 worms
  4 dart slugs
  A leopard gecko (D:2)
  2 orcs (D:1)
  3 ball pythons (D:1)
  5 bats
  A giant cockroach (D:2)
  6 goblins
  6 hobgoblins
  6 jackals (D:1)
  A quokka (D:2)
  2 frilled lizards
  3 kobolds
  3 rats (D:2)
54 creatures vanquished.

Notes
Turn   | Place    | Note
-------+----------+-------------------------------------------
     0 | D:1      | Faustar the Merfolk Gladiator began the quest for the Orb.
     0 | D:1      | Reached XP level 1. HP: 16/16 MP: 1/1
   195 | D:1      | Reached skill level 5 in Polearms
   196 | D:1      | Reached XP level 2. HP: 20/22 MP: 2/2
   405 | D:1      | Reached skill level 6 in Polearms
   405 | D:1      | Reached XP level 3. HP: 23/27 MP: 3/3
  1111 | D:2      | Reached skill level 7 in Polearms
  1111 | D:2      | Reached XP level 4. HP: 28/33 MP: 4/4
  1701 | D:2      | Reached skill level 8 in Polearms
  1701 | D:2      | Reached XP level 5. HP: 11/38 MP: 5/5
  2472 | D:1      | HP: 2/41 [poisoned by a gnoll]
  2494 | D:1      | HP: 2/41 [gnoll/+0 whip (3)]
  2869 | D:1      | HP: 1/41 [poisoned by a gnoll]
  2871 | D:1      | Succumbed to a gnoll's poison

Levels and vault maps discovered:
D:1:      moated_graveyard_arrival, layout_basic, corexii_hall_statues_l
D:2:      layout_rooms, first_ration

Skill      XL: |  1  2  3  4  5 |
---------------+----------------+-----
Polearms       | 5 6 7 8 |  8.0
Fighting       | 3 |  3.3
Throwing       | |  2.0
Dodging        | |  4.0

Action                   |  1- 3 |  4- 6 || total
-------------------------+-------+-------++-------
Melee: Trident           |    93 |   124 ||   217
 Abil: Evoke Berserk Rag |       |     1 ||     1
  Use: Potion            |       |     3 ||     3
       Scroll            |       |     8 ||     8
 Stab: Sleeping          |     4 |       ||     4
  Eat: Chunk             |       |     3 ||     3
       Ration            |       |     1 ||     1
Armor: Leather armour    |     7 |    17 ||    24
       Skin              |       |     6 ||     6
Dodge: Dodged            |    46 |    63 ||   109

Table legend:
 A = Non-vault XP
 B = Vault XP
 C = Vault XP percentage of total XP
 D = Non-vault monster count
 E = Vault monster count
 F = Vault count percentage of total count
                 A         B        C        D         E       F
            +---------+---------+-------+---------+---------+-------
      Total |     242 |       0 |   0.0 |      54 |       0 |   0.0
            +---------+---------+-------+---------+---------+-------
        D:1 |      80 |       0 |   0.0 |      30 |       0 |   0.0
        D:2 |     162 |       0 |   0.0 |      24 |       0 |   0.0
            +---------+---------+-------+---------+---------+-------
